 Dungeon Sprint DCSS version 0.31-a0-691-g409c26aa35 (webtiles) character file.

Game seed: 312586443682766640

9429 fingers the Grappler (level 11, -4/79 (82) HPs)
             Began as a Gnoll Shapeshifter on Sept 6, 2023.
             Was a High Priest of Hepliaklqana.
             Slain by a pharaoh ant (16 damage)
             ... in the Dungeon (Sprint V: "Ziggurat Sprint").
             The game lasted 00:06:26 (733 turns).

fingers the Grappler (Gnoll Shapeshifter)            Turns: 733, Time: 00:06:27

HP:   -4/79 (82)    AC: 29    Str: 24    XL:     11   Next: 46%
MP:   25/25         EV:  5    Int: 16    God:    Hepliaklqana [*****.]
Gold: 0             SH:  0    Dex: 11    Spells: 31/31 levels left

rFire   . . .        O - +8 mithril axe "Arga" {speed, Will+}
rCold   . . .        J - +18 shield of the Gong {Loud rN+ Will+ rCorr EV-5}
rNeg    + . .        I - +15 Maxwell's patent armour {-Cast -Tele rElec Will+ rCorr}
rPois   .            (helmet currently unavailable)
rElec   +            (cloak currently unavailable)
rCorr   +            (gloves currently unavailable)
SInv    .            (boots currently unavailable)
Will    +++..        n - amulet of reflection Stlth
                     y - +6 ring of strength
HPRegen 0.33/turn    x - +6 ring of intelligence
MPRegen 0.19/turn

%: no teleportation, no spellcasting, reflection
@: confused, beast-form, slowed, lightly drained, very slow
A: beast (slay +4), reduced essence, fangs 1, strong nose, distributed training
a: Begin Untransformation, Renounce Religion, Recall Ancestor, Ancestor
Identity, Transference, Idealise


You were in the Dungeon.
You worshipped Hepliaklqana.
Hepliaklqana was extremely pleased with you.
You were a hulking beast.
You visited 1 branch

Inventory:

Hand Weapons
 H - the +16 obsidian axe {drain, demonic, Mesm Drain Fly SInv}
   (You found it in the Dungeon)

   Mesm:      Its wielder is mesmerised by any visible foes, and it cannot be
   unequipped while any foes are visible.
   SInv:      It lets you see invisible.
   Fly:       It grants you flight.
   Drain:     It drains your maximum health when unequipped.
 K - the +8 lance "Wyrmbane" {slay drac, rPois rF+ rC+ AC+3}
   (You found it in the Dungeon)

   AC+3:      It affects your AC (+3).
   rF+:       It protects you from fire.
   rC+:       It protects you from cold.
   rPois:     It protects you from poison
 L - the +6 shillelagh "Devastator" {shatter}
   (You found it in the Dungeon)
 O - the +8 mithril axe "Arga" (weapon) {speed, Will+}
   (You found it in the Dungeon)

   Will+:     It increases your willpower.
 Z - the +10 pair of quick blades "Gyre" and "Gimble" {protect}
   (You found it in the Dungeon)
Armour
 a - the +4 Cigotuvi's embrace {Corpsefed rMiasma Drain rN+}
   (You found it in the Dungeon)

   Corpsefed: It gathers nearby corpses to temporarily increase the armour it
   provides.
   rMiasma:   It protects you from foul pestilence.
   rN+:       It protects you from negative energy.
   Drain:     It drains your maximum health when unequipped.
 I - the +15 Maxwell's patent armour (worn) {-Cast -Tele rElec Will+ rCorr}
   (You found it in the Dungeon)

   rElec:     It insulates you from electricity.
   Will+:     It increases your willpower.
   -Cast:     It prevents spellcasting.
   -Tele:     It prevents most forms of teleportation.
   rCorr:     It protects you from acid and corrosion.
 J - the +18 shield of the Gong (worn) {Loud rN+ Will+ rCorr EV-5}
   (You found it in the Dungeon)

   Loud:      It is deafeningly noisy when blocking attacks.
   EV-5:      It affects your evasion (-5).
   rN+:       It protects you from negative energy.
   Will+:     It increases your willpower.
   rCorr:     It protects you from acid and corrosion.
 X - a +1 pair of gloves of infusion
Jewellery
 n - an amulet of reflection (around neck)
 t - a ring of flight
 u - a +6 ring of dexterity
 v - a +6 ring of dexterity
 w - a +6 ring of intelligence
 x - a +6 ring of intelligence (right hand)
 y - a +6 ring of strength (left hand)
 z - a +6 ring of strength
 M - the necklace of Bloodlust {Fury *Rage Will++ Int-3 Slay+6}
   (You found it in the Dungeon)

   [amulet of nothing]

   Fury:      It extends the wearer's berserk rage when killing foes.
   Int-3:     It affects your intelligence (-3).
   Slay+6:    It affects your accuracy & damage with ranged weapons and melee
   (+6).
   Will++:    It greatly increases your willpower.
   *Rage:     It berserks you when you make melee attacks (+50% chance).
 P - an amulet of magic regeneration
 R - a +6 ring of intelligence
 T - a ring of protection from fire
 U - a ring of willpower
 V - a ring of protection from fire
 W - the ring "Dafroar" {rElec rF+ rC+}
   (You found it in the Dungeon)

   [ring of protection from fire]

   rF+:       It protects you from fire.
   rC+:       It protects you from cold.
   rElec:     It insulates you from electricity.
Talismans
 c - a beast talisman (active)
 d - a flux talisman
 D - a beast talisman (active)
 E - a blade talisman
 F - a maw talisman
 G - a serpent talisman
Wands
 A - a wand of mindburst (23)
 B - a wand of iceblast (22)
 C - a wand of acid (12)
 S - a wand of flame (15)
 Y - a wand of paralysis (5)
Scrolls
 j - 4 scrolls of blinking
 p - 4 scrolls of amnesia
 q - 7 scrolls of fog
 r - 5 scrolls of identify
 s - 2 scrolls of fear
 N - 4 scrolls of enchant weapon
 Q - 2 scrolls of brand weapon
Potions
 b - a potion of lignification
 e - 10 potions of curing
 f - 9 potions of heal wounds
 g - 6 potions of haste
 h - 7 potions of magic
 i - 3 potions of berserk rage
 k - 2 potions of brilliance
 l - 2 potions of invisibility
 m - 4 potions of resistance
 o - 5 potions of might


   Skills:
 + Level 10.9 Fighting
 + Level 10.6 Short Blades
 + Level 10.6 Long Blades
 + Level 10.6 Axes
 + Level 10.6 Maces & Flails
 + Level 10.6 Polearms
 + Level 10.6 Staves
 + Level 10.6 Ranged Weapons
 + Level 10.6 Throwing
 + Level 10.6 Armour
 + Level 11.5 Dodging
 + Level 10.6 Stealth
 + Level 10.6 Shields
 + Level 12.3 Unarmed Combat
 + Level 10.6 Spellcasting
 + Level 8.9 Conjurations
 + Level 8.9 Hexes
 + Level 8.9 Summonings
 + Level 8.9 Necromancy
 + Level 8.9 Translocations
 + Level 8.9 Transmutations
 + Level 8.9 Fire Magic
 + Level 8.9 Ice Magic
 + Level 8.9 Air Magic
 + Level 8.9 Earth Magic
 + Level 8.9 Poison Magic
 + Level 11.5 Invocations
 + Level 10.6 Evocations
 + Level 11.6 Shapeshifting


You had 31 spell levels left.
You didn't know any spells.
Your spell library contained the following spells:

 Spells                   Type           Power      Damage    Failure   Level
 Cigotuvi's Dreadful Rot  Necr/Pois/Air  74%        N/A       6%          2
 Passwall                 Tmut/Erth      30%        N/A       6%          2
 Poisonous Vapours        Pois/Air       74%        N/A       6%          2
 Hailstorm                Conj/Ice       37%        3d9       12%         3
 Ozocubu's Armour         Ice            37%        N/A       12%         3
 Anguish                  Hex/Necr       18%        N/A       36%         4
 Cause Fear               Hex            18%        N/A       36%         4
 Petrify                  Tmut/Erth      37%        N/A       36%         4
 Metabolic Englaciation   Hex/Ice        18%        N/A       73%         5
 Simulacrum               Ice/Necr       18%        N/A       99%         6
 Enfeeble                 Hex            18%        N/A       100%        7
 Ozocubu's Refrigeration  Ice            18%        4d11      100%        7
 Polar Vortex             Ice            18%        12d2*     100%        9
 Shatter                  Erth           18%        3d17*     100%        9


Dungeon Overview and Level Annotations

Branches:
Dungeon (1/1)

Altars:
Ashenzari
Cheibriados
Dithmenos
Elyvilon
Fedhas
Gozag
Hepliaklqana
Kikubaaqudgha
Makhleb
Nemelex Xobeh
Okawaru
Qazlal
Ru
Sif Muna
Trog
Uskayaw
Vehumet
Wu Jian
Xom
Yredelemnul
Zin
The Shining One
Jiyva
Lugonu

Annotations:
D 1 transporter


Innate Abilities, Weirdness & Mutations

You are a hulking beast.
Your limbs bulge with bestial killing power. (Slay +4)
Your life essence is reduced to manifest your ancestor. (-10% HP)
You have very sharp teeth.
Your uncanny sense of smell can sniff out nearby items.
Your experience applies equally to all skills.


Message History

The redback bites you but does no damage.
The culicivora chitters at the tarantella.
The tarantella is healed somewhat.
The hornet stings you.
You feel as though you will be slow longer.
The culicivora misses Fongers.
Fongers barely misses the culicivora.
The culicivora bites you!
You can move again.
You feel much better.
The culicivora bites you but does no damage.
The hornet stings you but does no damage.
The redback bites you but does no damage.
The culicivora bites you!
The culicivora draws strength from your injuries!
The culicivora bites you but does no damage.
The pharaoh ant bites you but does no damage.
The redback barely misses you.
The hornet stings you but does no damage.
The culicivora bites you but does no damage.
Fongers points at the culicivora and mumbles some strange words.
The culicivora resists with some effort.
The culicivora chitters at the tarantella.
The tarantella's wounds heal themselves!
The culicivora closely misses Fongers.
You closely miss the redback.
The redback is heavily wounded.
You completely miss the culicivora. You miss the culicivora.
You slice the culicivora!! You hit the pharaoh ant. You slash the hornet!
The culicivora bites Fongers!
The hornet stings you but does no damage.
The redback bites you but does no damage.
The pharaoh ant bites you!! You partially resist.
You feel drained.
The culicivora chitters at the tarantella.
The tarantella is healed somewhat.
The culicivora bites you!
* * * LOW HITPOINT WARNING * * *
The culicivora draws strength from your injuries!
The culicivora bites Fongers.
The redback bites you but does no damage.
The hornet stings you but does no damage.
The pharaoh ant bites you!
You die...

▓▓▓▓▓▓▓▓▓▓▓▓▓▓▓▓▓▓▓
▓...8©8...▓...8©8...▓
∆
▓..=|)[=..▓..).=.|..▓
▓..[::):..▓...)[)...▓
▓.........▓.........▓
▓.........▓....†....▓
▓....s....▓.........▓
▓..wssB...▓.........▓
▓..ssh....▓.▓.....▓.▓
▓.▓.sRy.▓.▓....©....▓
▓....©....▓▓▓▓▓▓▓▓▓▓▓
▓▓▓▓▓▓▓▓▓▓▓ ∆∆∆∆∆∆∆∆
∆∆∆∆∆∆∆∆∆ ∆
∆∆∆∆∆∆∆∆∆∆∆∆∆∆∆∆∆∆ ∆
∆∆∆∆∆∆∆∆∆∆∆∆∆∆∆∆∆∆ ∆
∆∆∆∆∆∆∆


You could see the friendly Fongers the hexer (slow), a torpor snail, 3
culicivoras, a pharaoh ant, a hornet, 2 tarantellas and a redback.

Vanquished Creatures
  An ironbound preserver (D)
  A dire elephant (D)
  2 vault guards (D)
  2 dancing weapons (D)
  3 deep elf archers (D)
  A deep elf pyromancer (D)
  A necromancer (D)
  A deep elf zephyrmancer (D)
  A komodo dragon (D)
  A hornet (D)
  A jumping spider (D)
  2 slime creatures (D)
  2 yaks (D)
  2 water elementals (D)
  A wolf (D)
  2 bullfrogs (D)
  A scorpion (D)
  2 jellies (D)
  2 iguanas (D)
  2 mummies (D)
  2 river rats (D)
  3 adder skeletons (D)
  2 adder zombies (D)
  4 bat zombies (D)
  An endoplasm (D)
  A ball python skeleton (D)
  A ball python zombie (D)
  A giant cockroach zombie (D)
  2 quokka zombies (D)
48 creatures vanquished.

Vanquished Creatures (collateral kills)
  A deep elf knight (D)
  A floating eye (D)
  A necrophage (D)
  A scorpion (D)
  A wight (D)
  An iguana (D)
  A bat skeleton (D)
7 creatures vanquished.

Vanquished Creatures (others)
  2 hexers (D)
  An ancestor (D)
3 creatures vanquished.

Grand Total: 58 creatures vanquished

Notes
Turn   | Place    | Note
-------+----------+-------------------------------------------
     0 | D        | fingers the Gnoll Shapeshifter began the quest for the Orb.
     0 | D        | Reached XP level 1. HP: 17/17 MP: 1/1
     0 | D        | Found a shimmering blue altar of Sif Muna.
     0 | D        | Found a bloodstained altar of Trog.
     0 | D        | Found a sacrificial altar of Ru.
     0 | D        | Found a stormy altar of Qazlal.
     0 | D        | Found an iron altar of Okawaru.
     1 | D        | Found a sparkling altar of Nemelex Xobeh.
     1 | D        | Found a blossoming altar of Fedhas.
     1 | D        | Found the +6 Majin-Bo {spellvamp, MP+6 Int+6}
     1 | D        | Found the +27 heavy crossbow "Sniper" {heavy, Acc+∞ SInv}
     1 | D        | Found the +10 dark maul {heavy}
     1 | D        | Found the +15 Maxwell's patent armour {-Cast -Tele rElec
                  | Will+ rCorr}
     1 | D        | Found the +18 shield of the Gong {Loud rN+ Will+ rCorr
                  | EV-5}
     1 | D        | Found the +16 obsidian axe {drain, demonic, Mesm Drain Fly
                  | SInv}
     1 | D        | Found the +7 great mace "Firestarter" {flame, immolate,
                  | rFlCloud rF++}
     1 | D        | Found the +6 shillelagh "Devastator" {shatter}
     1 | D        | Found the +11 plutonium sword {Contam Stlth-}
     1 | D        | Found the +8 lance "Wyrmbane" {slay drac, rPois rF+ rC+
                  | AC+3}
     1 | D        | Found the +9 sword of Zonguldrok {reap}
     1 | D        | Found the +13 scythe of Curses {drain, curses, Drain}
     1 | D        | Found the +9 sword of Power {lifebolt}
     1 | D        | Found the +7 mace of Variability {chaos, chaos arc}
     1 | D        | Found the +11 Singing Sword {sonic wave}
     1 | D        | Found the +8 storm bow {elec, penet}
     3 | D        | Found a transporter.
     3 | D        | Found an ancient bone altar of Kikubaaqudgha.
     3 | D        | Found a viscous altar of Jiyva.
     3 | D        | Found a corrupted altar of Lugonu.
     3 | D        | Found a hazy altar of Hepliaklqana.
     3 | D        | Found a burning altar of Makhleb.
     3 | D        | Found an opulent altar of Gozag.
    79 | D        | Became a worshipper of Hepliaklqana the Forgotten
    93 | D        | Reached skill level 5 in Dodging
    93 | D        | Reached skill level 7 in Unarmed Combat
    93 | D        | Reached XP level 2. HP: 24/24 MP: 1/5
   150 | D        | Entered arena 2.
   150 | D        | Found a transporter.
   157 | D        | Reached XP level 3. HP: 30/30 MP: 7/7
   161 | D        | Entered arena 3.
   161 | D        | Found the necklace of Bloodlust {Fury *Rage Will++ Int-3
                  | Slay+6}
   161 | D        | Noticed a scorpion
   161 | D        | Noticed a scorpion
   161 | D        | Noticed a jumping spider
   161 | D        | Reached * piety under Hepliaklqana
   161 | D        | Found a transporter.
   164 | D        | Killed a jumping spider
   165 | D        | Reached skill level 5 in Fighting
   165 | D        | Reached XP level 4. HP: 27/35 MP: 8/10
   165 | D        | Reached XP level 5. HP: 31/39 MP: 8/11
   166 | D        | Reached skill level 8 in Unarmed Combat
   166 | D        | Reached skill level 5 in Invocations
   166 | D        | Reached XP level 6. HP: 33/45 MP: 8/12
   245 | D        | Entered arena 4.
   245 | D        | Found the +8 mithril axe "Arga" {speed, Will+}
   245 | D        | Found a transporter.
   249 | D        | Reached skill level 5 in Short Blades
   249 | D        | Reached skill level 5 in Long Blades
   249 | D        | Reached skill level 5 in Axes
   249 | D        | Reached skill level 5 in Maces & Flails
   249 | D        | Reached skill level 5 in Polearms
   249 | D        | Reached skill level 5 in Staves
   249 | D        | Reached skill level 5 in Ranged Weapons
   249 | D        | Reached skill level 5 in Throwing
   249 | D        | Reached skill level 5 in Armour
   249 | D        | Reached skill level 5 in Stealth
   249 | D        | Reached skill level 5 in Shields
   249 | D        | Reached skill level 5 in Spellcasting
   249 | D        | Reached skill level 5 in Evocations
   250 | D        | Reached XP level 7. HP: 52/52 MP: 8/15
   304 | D        | Entered arena 5.
   304 | D        | Noticed a water elemental
   304 | D        | Noticed a +2 heavy war axe
   304 | D        | Noticed a deep elf zephyrmancer
   304 | D        | Noticed a deep elf knight
   304 | D        | Reached ** piety under Hepliaklqana
   304 | D        | Found a transporter.
   308 | D        | Killed a deep elf zephyrmancer
   309 | D        | Reached skill level 9 in Unarmed Combat
   309 | D        | Reached skill level 5 in Conjurations
   309 | D        | Reached skill level 5 in Hexes
   309 | D        | Reached skill level 5 in Summonings
   309 | D        | Reached skill level 5 in Necromancy
   309 | D        | Reached skill level 5 in Translocations
   309 | D        | Reached skill level 5 in Transmutations
   309 | D        | Reached skill level 5 in Fire Magic
   309 | D        | Reached skill level 5 in Ice Magic
   309 | D        | Reached skill level 5 in Air Magic
   309 | D        | Reached skill level 5 in Earth Magic
   309 | D        | Reached skill level 5 in Poison Magic
   309 | D        | Reached XP level 8. HP: 58/58 MP: 15/17
   310 | D        | Killed a deep elf knight
   312 | D        | Killed a water elemental
   316 | D        | Killed a +2 heavy war axe
   317 | D        | Reached skill level 10 in Unarmed Combat
   317 | D        | Reached XP level 9. HP: 66/66 MP: 15/20
   359 | D        | Remembered your ancestor Fongers as a hexer
   364 | D        | Entered arena 6.
   364 | D        | Found a transporter.
   365 | D        | Paralysed by a floating eye for 3 turns
   435 | D        | Entered arena 7.
   435 | D        | Noticed a deep elf pyromancer
   435 | D        | Noticed a deep elf archer
   435 | D        | Noticed a deep elf archer
   435 | D        | Noticed a +1 short sword of speed
   435 | D        | Noticed a deep elf archer
   435 | D        | Reached *** piety under Hepliaklqana
   436 | D        | Found a transporter.
   438 | D        | Killed a +1 short sword of speed
   439 | D        | Reached skill level 10 in Shapeshifting
   443 | D        | Killed a deep elf archer
   444 | D        | Reached XP level 10. HP: 74/74 MP: 20/22
   444 | D        | Killed a deep elf pyromancer
   445 | D        | Reached skill level 10 in Dodging
   445 | D        | Reached skill level 11 in Unarmed Combat
   458 | D        | Killed a deep elf archer
   459 | D        | Reached skill level 10 in Invocations
   462 | D        | Killed a deep elf archer
   507 | D        | Entered arena 8.
   507 | D        | Noticed a dire elephant
   507 | D        | Noticed a vault guard
   507 | D        | Noticed an ironbound preserver
   507 | D        | Noticed a necromancer
   507 | D        | Noticed a vault guard
   508 | D        | Found a transporter.
   514 | D        | Killed an ironbound preserver
   515 | D        | Reached skill level 10 in Fighting
   516 | D        | Killed a necromancer
   516 | D        | Killed a vault guard
   517 | D        | Reached skill level 10 in Short Blades
   517 | D        | Reached skill level 10 in Long Blades
   517 | D        | Reached skill level 10 in Axes
   517 | D        | Reached skill level 10 in Maces & Flails
   517 | D        | Reached skill level 10 in Polearms
   517 | D        | Reached skill level 10 in Staves
   517 | D        | Reached skill level 10 in Ranged Weapons
   517 | D        | Reached skill level 10 in Throwing
   517 | D        | Reached skill level 10 in Armour
   517 | D        | Reached skill level 10 in Stealth
   517 | D        | Reached skill level 10 in Shields
   517 | D        | Reached skill level 10 in Spellcasting
   517 | D        | Reached skill level 10 in Evocations
   517 | D        | Reached XP level 11. HP: 82/82 MP: 23/25
   521 | D        | Killed a dire elephant
   522 | D        | Reached skill level 12 in Unarmed Combat
   529 | D        | Killed a vault guard
   545 | D        | Got the ring "Dafroar" {rElec rF+ rC+}
   625 | D        | Entered arena 9.
   625 | D        | Reached **** piety under Hepliaklqana
   630 | D        | Found a transporter.
   664 | D        | Entered arena 10.
   664 | D        | Found the +10 pair of quick blades "Gyre" and "Gimble"
                  | {protect}
   665 | D        | Found a transporter.
   689 | D        | Got Sif Muna's Vellum of Evolving Chilblains
   693 | D        | Entered arena 11.
   693 | D        | Found the +4 Cigotuvi's embrace {Corpsefed rMiasma Drain
                  | rN+}
   694 | D        | Found a transporter.
   717 | D        | Got the Discourse on Indurated Gusts
   725 | D        | Entered arena 12.
   725 | D        | Noticed a pharaoh ant
   725 | D        | Reached ***** piety under Hepliaklqana
   727 | D        | Found a transporter.
   730 | D        | Paralysed by a hornet for 2 turns
   733 | D        | Slain by a pharaoh ant

Illustrated notes

Levels and vault maps discovered:
D:        sprint_v [room_start, room_1, room_2, room_3, room_4, room_5, room_6,
          room_7, room_8, room_9, room_10, room_11, room_12, room_13, room_14,
          room_15, room_16, room_17, room_18, room_19, room_20, room_21,
          room_22, room_23, room_24, room_25, room_26, room_27]

Skill      XL: |  1  2  3  4  5  6  7  8  9 10 11 |
---------------+----------------------------------+-----
Fighting       | 3 5 6 8 9 10 | 10.9
Short Blades   | 2 4 5 6 7 8 10 | 10.6
Long Blades    | 2 4 5 6 7 8 10 | 10.6
Axes           | 2 4 5 6 7 8 10 | 10.6
Maces & Flails | 2 4 5 6 7 8 10 | 10.6
Polearms       | 2 4 5 6 7 8 10 | 10.6
Staves         | 2 4 5 6 7 8 10 | 10.6
Ranged Weapons | 2 4 5 6 7 8 10 | 10.6
Throwing       | 2 4 5 6 7 8 10 | 10.6
Armour         | 2 4 5 6 7 8 10 | 10.6
Dodging        | 5 6 7 9 11 | 11.5
Stealth        | 2 4 5 6 7 8 10 | 10.6
Shields        | 2 4 5 6 7 8 10 | 10.6
Unarmed Combat | 7 8 9 10 11 12 | 12.3
Spellcasting   | 2 4 5 6 7 8 10 | 10.6
Conjurations   | 2 3 4 5 6 7 8 |  8.9
Hexes          | 2 3 4 5 6 7 8 |  8.9
Summonings     | 2 3 4 5 6 7 8 |  8.9
Necromancy     | 2 3 4 5 6 7 8 |  8.9
Translocations | 2 3 4 5 6 7 8 |  8.9
Transmutations | 2 3 4 5 6 7 8 |  8.9
Fire Magic     | 2 3 4 5 6 7 8 |  8.9
Ice Magic      | 2 3 4 5 6 7 8 |  8.9
Air Magic      | 2 3 4 5 6 7 8 |  8.9
Earth Magic    | 2 3 4 5 6 7 8 |  8.9
Poison Magic   | 2 3 4 5 6 7 8 |  8.9
Invocations    | 2 3 4 5 6 8 9 10 11 | 11.5
Evocations     | 2 4 5 6 7 8 10 | 10.6
Shapeshifting  | 7 8 9 10 11 | 11.6

Action                     |  1- 3 |  4- 6 |  7- 9 | 10-12 || total
---------------------------+-------+-------+-------+-------++-------
  Melee: Broad axe         |     6 |     3 |    16 |    50 ||    75
         Bite              |     1 |       |     4 |     8 ||    13
 Invoke: Recall Ancestor   |       |     3 |     1 |       ||     4
         Ancestor Life: He |       |       |     1 |       ||     1
         Ancestor Identity |       |       |     1 |       ||     1
         Transference      |       |       |       |     2 ||     2
    Use: Potion            |     1 |       |       |     1 ||     2
   Stab: Distracted        |       |       |     1 |       ||     1
 Armour: Plate armour      |     2 |     1 |    10 |    54 ||    67
  Dodge: Dodged            |       |       |       |     2 ||     2
  Block: Kite shield       |     8 |     6 |    23 |    87 ||   124

Table legend: (Time is in decaauts)
 A = Elapsed time spent in this place.
 B = Non-inter-level travel time spent in this place.
 C = Inter-level travel time spent in this place.
 D = Time resting spent in this place.
 E = Time spent auto-exploring this place.
 F = Levels seen in this place.
 G = Mean time per level.
                   A        B        C        D        E       F      G
               +--------+--------+--------+--------+--------+-----+--------+
         Total |    769 |    769 |      0 |      0 |    266 |   1 |  769.0 |
       Dungeon |    769 |    769 |      0 |      0 |    266 |   1 |  769.0 |
               +--------+--------+--------+--------+--------+-----+--------+

Top non-repeatable levels by time:
       D: 769 daAuts
